 Dungeon Crawl Stone Soup version 0.32-a0-994-gabb26cbae4 (webtiles) character file.

Game seed: 15968346264946732729

26238 GeoRichter the Severer (level 12, -2/168 HPs)
             Began as a Purple Draconian Berserker on Apr 22, 2024.
             Was a High Priest of Trog.
             Slain by a skyshark (22 damage)
             ... on level 5 of the Lair of Beasts.
             The game lasted 00:19:46 (13139 turns).

GeoRichter the Severer (DrBe)                      Turns: 13139, Time: 00:19:46

Health: -2/168     AC: 10    Str: 23    XL:     12   Next: 96%
Magic:  12/12      EV: 12    Int:  8    God:    Trog [*****.]
Gold:   868        SH: 10    Dex: 12    Spells: 11/11 levels left

rFire   . . .        a - +0 broad axe (vamp) {!w}
rCold   . . .        B - +7 buckler "Bava" {Will++}
rNeg    . . .        (body armour unavailable)
rPois   +            (helmet restricted)
rElec   .            t - +1 cloak
rCorr   .            (no gloves)
SInv    +            (no boots)
Will    +++..        n - amulet "Duf Goan" {Harm Regen+} Stlth
                     c - ring of see invisible
HPRegen 1.28/turn    m - ring of poison resistance
MPRegen 0.13/turn

%: harm (+30% outgoing, +20% incoming)
@: berserking (expiring), very quick
A: nullifying breath, AC +8, unfitting armour, cold-blooded
a: Nullifying Breath, Renounce Religion, Berserk, Trog's Hand, Brothers in Arms


You were on level 5 of the Lair of Beasts.
You worshipped Trog.
Trog was extremely pleased with you.
You visited 2 branches of the dungeon, and saw 15 of its levels.

You collected 1144 gold pieces.
You spent 276 gold pieces at shops.

Inventory:

Hand Weapons
 a - a +0 vampiric broad axe (weapon) {!w}
   (You found it on level 1 of the Dungeon)
 b - the +6 morningstar "Laesch" {flame, rF+}
   (You found it on level 2 of the Lair of Beasts)

   rF+:       It protects you from fire.
Missiles
 k - 24 poisoned darts (quivered)
 v - a throwing net {!f}
Armour
 t - a +1 cloak (worn)
   (You found it on level 5 of the Dungeon)
 B - the +7 buckler "Bava" (worn) {Will++}
   (You found it on level 9 of the Dungeon)

   Will++:    It greatly increases your willpower.
Jewellery
 c - a ring of see invisible (left hand)
   (You found it on level 3 of the Dungeon)
 m - a ring of poison resistance (right hand)
   (You found it on level 3 of the Dungeon)
 n - the amulet "Duf Goan" (around neck) {Harm Regen+}
   (You acquired it on level 8 of the Dungeon)

   [amulet of regeneration]

   Regen+:    It increases your rate of health regeneration.
   Harm:      It increases damage dealt and taken.
 H - a ring of protection from fire
   (You found it on level 4 of the Lair of Beasts)
Talismans
 y - a maw talisman
   (You found it on level 1 of the Lair of Beasts)
Wands
 q - a wand of mindburst (13)
   (You took it off Maurice on level 8 of the Dungeon)
 u - a wand of paralysis (5)
   (You found it on level 8 of the Dungeon)
 w - a wand of flame (22)
   (You took it off Dowan on level 6 of the Dungeon)
 A - a wand of light (4)
   (You found it on level 3 of the Lair of Beasts)
 J - a wand of polymorph (7)
   (You found it on level 4 of the Lair of Beasts)
Scrolls
 d - 10 scrolls of noise {!r}
 e - 5 scrolls of teleportation {@r4}
 h - 2 scrolls of vulnerability {!r}
 i - 3 scrolls of enchant weapon
 j - 3 scrolls of blinking
 l - 6 scrolls of poison
 s - a scroll of fear
 x - 3 scrolls of amnesia
 C - 2 scrolls of enchant armour
 D - 3 scrolls of revelation
 G - 2 scrolls of fog {unknown}
 K - a scroll of immolation {unknown}
Potions
 f - 4 potions of mutation {!q}
 g - 2 potions of heal wounds {@q2}
 o - 6 potions of curing {@q1}
 p - 2 potions of berserk rage
 r - 2 potions of ambrosia
 z - 2 potions of enlightenment {unknown}
 E - a potion of haste {@q3}
 F - a potion of invisibility {unknown}
 I - a potion of lignification {unknown}


   Skills:
 - Level 12.1 Fighting
 * Level 17.4 Axes
 - Level 4.8 Dodging
 - Level 7.0 Evocations
 + Level 3.0 Shapeshifting


You had 11 spell levels left.
You didn't know any spells.
Your spell library was empty.

Dungeon Overview and Level Annotations

Branches:
Dungeon (10/15) Zot: 25886  Temple (0/1) D:7            Lair (5/5) D:8 Zot: 26843
 Shoals (0/4) Lair:3        Snake (0/4) Lair:3          Orc (0/2) D:10
  Slime: Lair:4-5

Altars:
Ashenzari
Elyvilon
Gozag
Hepliaklqana
Okawaru
Ru
Vehumet
Yredelemnul
Zin

Shops:
D:10 *


Innate Abilities, Weirdness & Mutations

You can breathe blasts of antimagic.
Your rich purple scales are hard. (AC +8)
You cannot fit into any form of body armour.
You are cold-blooded and may be slowed by cold attacks.


Message History

The skyshark tail-slaps you but does no damage.
The skyshark barely misses you.
You closely miss the skyshark.
The skyshark is moderately wounded.
You closely miss the water moccasin. You slice the rime drake!!
You feel better.
You kill the rime drake!
Trog accepts your kill. Trog grants you a weapon!
Something appears at your feet!
You see here a +1 antimagic executioner's axe.
A komodo dragon comes into view.
The water moccasin bites you but does no damage.
Your Shapeshifting skill increases to level 3!
You completely miss the skyshark.
The skyshark is moderately wounded.
You miss the water moccasin. The skyshark bites you!!
* * * LOW HITPOINT WARNING * * *
The skyshark barely misses you. The skyshark closely misses you.
You barely miss the skyshark.
The skyshark is moderately wounded.
You closely miss the water moccasin. You block the water moccasin's attack.
You block the skyshark's attack. The skyshark tail-slaps you.
* * * LOW HITPOINT WARNING * * *
The skyshark misses you.
You barely miss the skyshark.
The skyshark is moderately wounded.
You slash the water moccasin!
You feel better.
You kill the water moccasin!
Trog accepts your kill. The skyshark bites you!
* * * LOW HITPOINT WARNING * * *
You block the skyshark's attack.
The skyshark tail-slaps you but does no damage.
You slash the skyshark!
You feel better.
The skyshark is heavily wounded.
The skyshark bites you!
* * * LOW HITPOINT WARNING * * *
The skyshark tail-slaps you.
* * * LOW HITPOINT WARNING * * *
The skyshark tail-slaps you!
* * * LOW HITPOINT WARNING * * *
A vampire mosquito comes into view.
You slash the skyshark!
The skyshark is heavily wounded.
Unknown command.
You slice the skyshark!!
You feel better.
You tail-slap the skyshark.
The skyshark is severely wounded.
The skyshark bites you!!
You die...

........##
........##
.........#
.........#
........##
........#
........#
........###.#...
........@F...l..
......~.††P.....
.....~~.PP~..<..
....~P~..D≈~....
....~~=P..~≈~...
...~~..P.~≈≈~~..
..y.~...~~~~.#..
...≈~...~~...#.


You could see a skyshark (berserk), a six-headed hydra, a komodo dragon and a
vampire mosquito.

Vanquished Creatures
  A hydra (Lair:4)
  2 death yaks (Lair:2)
  A two-headed ogre (D:10)
  A lindwurm (Lair:4)
  Maurice (D:8)
  2 torpor snails (Lair:2)
  2 black mambas (Lair:2)
  7 cane toads
  Jeremiah (D:8)
  A komodo dragon (Lair:3)
  2 rime drakes
  A polar bear (Lair:1)
  A merfolk (Lair:3)
  A troll (D:10)
  3 hornets
  3 blink frogs (Lair:2)
  6 dream sheep (Lair:4)
  A vampire (D:9)
  A shadow (D:10)
  37 yaks
  3 wyverns
  Eustachio (D:6)
  2 steam dragons
  4 vampire mosquitoes
  3 basilisks
  8 water moccasins
  An acid dragon (D:10)
  Duvessa (D:6)
  2 orc warriors (D:10)
  5 black bears
  A swamp drake (D:10)
  2 sky beasts
  An ice beast (D:7)
  An ogre (D:5)
  22 wolves
  A centaur (D:10)
  3 kobold brigands
  8 bullfrogs
  3 scorpions
  15 wights
  Dowan (D:6)
  6 killer bees
  6 electric eels
  8 howler monkeys
  14 orc priests
  A jelly (D:4)
  2 gnoll boudas
  6 hounds
  3 sleepcaps
  8 iguanas
  Natasha (thrice) (D:4)
  7 orc wizards
  10 adders
  13 gnolls
  2 shadow imps
  2 white imps (D:6)
  2 dart slugs (D:2)
  A ribbon worm (D:3)
  28 orcs
  6 endoplasms
  5 giant cockroaches
  8 goblins
  10 hobgoblins
  5 jackals
  2 quokkas (D:1)
  9 ball pythons
  6 bats
  6 frilled lizards
  13 kobolds
  6 rats
361 creatures vanquished.

Vanquished Creatures (collateral kills)
  A death yak (Lair:2)
  An orc wizard (D:5)
2 creatures vanquished.

Grand Total: 363 creatures vanquished

Notes
Turn   | Place    | Note
-------+----------+-------------------------------------------
     0 | D:1      | GeoRichter the Draconian Berserker began the quest for the
                  | Orb.
     0 | D:1      | Reached XP level 1. HP: 19/19 MP: 1/1
   148 | D:1      | Reached XP level 2. HP: 22/26 MP: 2/2
   226 | D:1      | Reached skill level 4 in Axes
   620 | D:1      | Reached XP level 3. HP: 31/31 MP: 3/3
   945 | D:2      | Reached ** piety under Trog
  1104 | D:2      | Reached skill level 5 in Axes
  1104 | D:2      | Reached XP level 4. HP: 38/38 MP: 4/4
  1829 | D:3      | Found a sacrificial altar of Ru.
  2301 | D:3      | Reached XP level 5. HP: 45/45 MP: 5/5
  2489 | D:3      | Found a hazy altar of Hepliaklqana.
  2737 | D:4      | Reached skill level 6 in Axes
  2762 | D:4      | Reached *** piety under Trog
  2847 | D:4      | Noticed Natasha
  2875 | D:4      | Killed Natasha
  2878 | D:4      | Reached skill level 7 in Axes
  2878 | D:4      | Reached XP level 6. HP: 12/51 MP: 6/6
  2880 | D:4      | Noticed Natasha
  3085 | D:4      | Killed Natasha
  3311 | D:4      | Noticed Natasha
  3317 | D:4      | Killed Natasha
  3451 | D:4      | Found a glowing silver altar of Zin.
  3540 | D:5      | Entered Level 5 of the Dungeon
  3556 | D:5      | Reached skill level 8 in Axes
  3556 | D:5      | Your scales start taking on a rich purple colour.
  3556 | D:5      | Reached XP level 7. HP: 13/57 MP: 7/7
  3918 | D:5      | Found an iron altar of Okawaru.
  4326 | D:5      | Reached skill level 9 in Axes
  4335 | D:5      | Reached **** piety under Trog
  4806 | D:6      | Reached XP level 8. HP: 66/66 MP: 8/8
  4958 | D:6      | Reached skill level 10 in Axes
  5005 | D:6      | Noticed Duvessa
  5005 | D:6      | Noticed Dowan
  5015 | D:6      | Killed Dowan
  5023 | D:6      | Killed Duvessa
  5024 | D:6      | Reached skill level 5 in Fighting
  5188 | D:6      | Found a radiant altar of Vehumet.
  5228 | D:6      | Noticed Eustachio
  5246 | D:6      | Killed Eustachio
  5514 | D:7      | Reached skill level 11 in Axes
  5821 | D:7      | Reached XP level 9. HP: 70/72 MP: 9/9
  5874 | D:7      | Found a staircase to the Ecumenical Temple.
  5990 | D:7      | Found a broken altar of Ashenzari.
  6290 | D:7      | Found a basalt altar of Yredelemnul.
  6654 | D:8      | Reached skill level 12 in Axes
  6790 | D:8      | Found a staircase to the Lair.
  6809 | D:8      | Reached ***** piety under Trog
  6839 | D:8      | Noticed Jeremiah
  7090 | D:8      | Killed Jeremiah
  7240 | D:8      | Reached skill level 13 in Axes
  7240 | D:8      | Reached XP level 10. HP: 88/88 MP: 10/10
  7307 | D:8      | Identified a scroll of acquirement
  7307 | D:8      | Acquired the amulet "Duf Goan" {Harm Regen+}
  7684 | D:8      | Noticed Maurice
  7701 | D:8      | Killed Maurice
  8012 | D:9      | Identified the +7 buckler "Bava" {Will++}
  8059 | D:9      | Reached skill level 1 in Evocations
  8864 | D:10     | Entered Level 10 of the Dungeon
  8876 | D:10     | Reached skill level 14 in Axes
  8914 | D:10     | Found an opulent altar of Gozag.
  9054 | D:10     | Found Jiem Yha's General Store.
  9090 | D:10     | Bought a potion of heal wounds for 60 gold pieces
  9090 | D:10     | Bought a potion of mutation for 96 gold pieces
  9090 | D:10     | Bought a potion of haste for 120 gold pieces
  9136 | D:10     | Noticed a two-headed ogre
  9187 | D:10     | Reached XP level 11. HP: 48/97 MP: 11/11
  9365 | D:10     | Killed a two-headed ogre
  9369 | D:10     | Reached skill level 5 in Evocations
  9409 | D:10     | Found a white marble altar of Elyvilon.
  9498 | D:10     | Received a gift from Trog
  9618 | D:10     | Reached skill level 10 in Fighting
  9773 | D:10     | Reached skill level 15 in Axes
  9806 | D:10     | Found a staircase to the Orcish Mines.
  9978 | Lair:1   | Entered Level 1 of the Lair of Beasts
 10256 | Lair:1   | Identified the +8 long sword "Ziul" {pain, rC+}
 10830 | Lair:2   | Noticed a death yak
 10832 | Lair:2   | Noticed a death yak
 10851 | Lair:2   | Killed a death yak
 10852 | Lair:2   | Reached XP level 12. HP: 35/110 MP: 12/12
 10857 | Lair:2   | Killed a death yak
 10858 | Lair:2   | Reached skill level 16 in Axes
 10953 | Lair:2   | Noticed a death yak
 10971 | Lair:2   | Killed a death yak
 11429 | Lair:2   | Identified the +6 morningstar "Laesch" {flame, rF+}
 11920 | Lair:3   | Found a staircase to the Snake Pit.
 11950 | Lair:3   | Reached skill level 1 in Shapeshifting
 12208 | Lair:3   | Found a staircase to the Shoals.
 12356 | Lair:4   | Reached skill level 17 in Axes
 12373 | Lair:4   | Found a white marble altar of Elyvilon.
 12461 | Lair:4   | Noticed an eight-headed hydra
 12468 | Lair:4   | Killed an eight-headed hydra
 13105 | Lair:5   | Entered Level 5 of the Lair of Beasts
 13132 | Lair:5   | Noticed a six-headed hydra
 13133 | Lair:5   | Received a gift from Trog
 13137 | Lair:5   | HP: 8/168 [skyshark (10)]
 13139 | Lair:5   | Slain by a skyshark

Illustrated notes

Levels and vault maps discovered:
D:1:      heliophobic_arrival_dark_side_of_the_moon, layout_loops_corners,
          minmay_octomino_c4
D:2:      layout_loops_corners, minmay_misc_feat_cross, dreamdust_wishing_well,
          grunt_ministairs_11, nicolae_concentric_dashed_squares_wild,
          st_stairs_4, minmay_hedge_maze
D:3:      layout_loops_ring, nzn_hepliaklqana_mist_gate,
          mainiacjoe_overflow_boulevard
D:4:      layout_cave_pools, general_overflow_altar, uniq_natasha
D:5:      layout_basic, amcnicky_altar_gilded
D:6:      layout_basic, nicolae_vehumet_altar_sigil, uniq_duvessa,
          uniq_eustachio
D:7:      layout_loops_ring, nicolae_ashenzari_panopticon,
          mainiacjoe_overflow_alcove_2, minmay_temple_entry_proselytizer
D:8:      layout_basic, due_lair_maze_entry_diamond, uniq_maurice, uniq_jeremiah
D:9:      layout_stronghold
D:10:     layout_cave_pools, mainiacjoe_overflow_concentric_impassable,
          mainiacjoe_overflow_tiny_flanked, erik_orc_1, serial_shops, shop,
          serial_bayou, serial_bayou_pond_b, serial_bayou_pond_a,
          serial_bayou_ford_a, serial_bayou_pond_b, serial_bayou_pond_b
Lair:1:   layout_gridlike, infiniplex_staircase_pool
Lair:2:   beast_lair_carwin_large_3, layout_long_grid
Lair:3:   layout_loops_ring, elwin_shoals_entry_rooms, dummy_snake_entry,
          lemuel_fruit_tree, grunt_megastairs_1
Lair:4:   layout_loops_ring, basic_altar
Lair:5:   due_jungle_book, layout_long_grid, dpeg_slime_entry_corner,
          small_statue_intersection, nicolae_lair_lil_pond, pond

Skill      XL: |  1  2  3  4  5  6  7  8  9 10 11 12 |
---------------+-------------------------------------+-----
Axes           | 4 5 7 8 9 11 13 14 15 17 | 17.4
Fighting       | 4 6 8 9 11 12 | 12.1
Dodging        | 3 4 |  4.8
Evocations     | 4 7 |  7.0
Shapeshifting  | 3 |  3.0

Action                     |  1- 3 |  4- 6 |  7- 9 | 10-12 || total
---------------------------+-------+-------+-------+-------++-------
  Melee: Hand axe          |    22 |       |       |       ||    22
         Dagger            |    76 |   176 |    46 |     8 ||   306
         Tailslap          |     4 |    14 |    35 |   102 ||   155
         Broad axe         |       |       |   249 |   599 ||   848
         Morningstar       |       |       |       |     3 ||     3
  Throw: Dart              |       |       |    23 |       ||    23
 Invoke: Berserk           |     1 |       |     3 |     6 ||    10
         Trog's Hand       |       |       |       |     2 ||     2
         Brothers in Arms  |       |       |       |     1 ||     1
Ability: Nullifying Breath |       |       |     2 |     1 ||     3
  Evoke: Wand              |       |       |     2 |    21 ||    23
    Use: Scroll            |     3 |    10 |       |     9 ||    22
         Potion            |       |       |       |     1 ||     1
   Stab: Sleeping          |     1 |     2 |       |     1 ||     4
         Confused          |       |     2 |       |       ||     2
         Held in net/web   |       |       |       |     1 ||     1
         Paralysed         |       |       |       |     2 ||     2
 Armour: Skin              |    57 |   127 |   184 |   436 ||   804
  Dodge: Dodged            |    62 |   114 |   152 |   328 ||   656
  Block: Buckler           |       |       |       |   197 ||   197

Table legend: (Time is in decaauts)
 A = Elapsed time spent in this place.
 B = Non-inter-level travel time spent in this place.
 C = Inter-level travel time spent in this place.
 D = Time resting spent in this place.
 E = Time spent auto-exploring this place.
 F = Levels seen in this place.
 G = Mean time per level.
                   A        B        C        D        E       F      G
               +--------+--------+--------+--------+--------+-----+--------+
         Total |  13189 |  12824 |    365 |   1264 |   8828 |  15 |  879.3 |
       Dungeon |  10034 |   9759 |    275 |   1183 |   6488 |  10 | 1003.4 |
          Lair |   3155 |   3065 |     90 |     80 |   2340 |   5 |  631.0 |
               +--------+--------+--------+--------+--------+-----+--------+

Top non-repeatable levels by time:
     D:7: 1292 daAuts
     D:8: 1189 daAuts
     D:4: 1106 daAuts
     D:9: 1076 daAuts
    D:10: 1020 daAuts
     D:5: 1010 daAuts
     D:1: 950 daAuts
     D:2: 855 daAuts
     D:3: 810 daAuts
  Lair:2: 804 daAuts
  Lair:3: 785 daAuts
  Lair:4: 782 daAuts
  Lair:1: 755 daAuts
     D:6: 722 daAuts
  Lair:5: 27 daAuts
